 Dungeon Crawl Stone Soup version 0.20.1-1-g8b1a95d (webtiles) character file.

6454 equalderp2856 the Cleaver (level 10, -2/88 HPs)
             Began as a Minotaur Fighter on Sept 22, 2017.
             Slain by a wraith (4 damage)
             ... on level 10 of the Dungeon.
             The game lasted 00:20:09 (9595 turns).

equalderp2856 the Cleaver (Minotaur Fighter)        Turns: 9595, Time: 00:20:09

Health: -2/88      AC: 18    Str: 20 (21) XL:     10   Next: 67%
Magic:  9/9        EV:  6    Int:  5 (6)  God:
Gold:   437        SH: 11    Dex: 11 (12) Spells: 9/9 levels left

rFire    . . .     SeeInvis .   O - +0 broad axe
rCold    . . .     Gourm    +   c - +0 shield
rNeg     . . .     Faith    .   p - +0 plate armour
rPois    .         Spirit   .   (helmet restricted)
rElec    .         Reflect  .   j - +0 cloak
rCorr    .         Harm     .   l - +1 pair of gloves
MR       .....                  (no boots)
Stlth    ..........             m - amulet of the gourmand
Regen    0.3/turn               (no ring)
MPRegen  0.2/turn               (no ring)

@: lethally poisoned (-2 -> -6)
A: retaliatory headbutt, horns 2
a: no special abilities


You were on level 10 of the Dungeon.
You were very full.

You visited 1 branch of the dungeon, and saw 10 of its levels.

You collected 563 gold pieces.
You spent 126 gold pieces at shops.

Inventory:

Hand Weapons
 a - a +0 war axe
 q - the +5 trident of Weel Kenko {pierce, rC+ rN+ Int+8 Dex-4}
   (You found it on level 6 of the Dungeon)

   It inflicts extra damage upon your enemies.
   It affects your intelligence (+8).
   It affects your dexterity (-4).
   It protects you from cold.
   It protects you from negative energy.
 H - a +2 hand axe of flaming
 O - a +0 broad axe (weapon)
Armour
 b - a +0 scale mail
 c - a +0 shield (worn)
 j - a +0 cloak (worn)
 l - a +1 pair of gloves (worn)
 p - a +0 plate armour (worn)
 w - a +0 ring mail of cold resistance
 B - a +0 pair of gloves
Jewellery
 m - an amulet of the gourmand (around neck)
 n - a cursed ring of loudness {unknown}
 x - an uncursed amulet of magic regeneration
 P - the ring "Inkumm" {rF++ Str+2 Int-5 Dex+8, unknown}
   (You found it on level 9 of the Dungeon)

   [ring of strength]

   It affects your strength (+2).
   It affects your intelligence (-5).
   It affects your dexterity (+8).
   It greatly protects you from fire.
 Q - an uncursed amulet of harm {unknown}
 R - an uncursed amulet of faith {unknown}
Wands
 J - a wand of lightning (6/15)
Scrolls
 e - 2 scrolls of enchant weapon {unknown}
 h - 7 scrolls of identify
 k - 6 scrolls of teleportation
 G - a scroll of remove curse
 K - a scroll of blinking {unknown}
 L - 2 scrolls of enchant armour {unknown}
 M - a scroll of silence {unknown}
 N - a scroll of fog {unknown}
Potions
 d - 4 potions of might
 o - a potion of mutation {unknown}
 r - a potion of resistance {unknown}
 s - 2 potions of brilliance
 t - a potion of cancellation
 u - a potion of heal wounds {unknown}
 v - a potion of lignification {unknown}
 z - 5 potions of flight
 A - 2 potions of ambrosia {unknown}
 C - a potion of magic {unknown}
 D - 2 potions of degeneration
Books
 y - the Incunabulum of the Mutagenic Birds
   (You found it on level 4 of the Dungeon)

   Spells                             Type                      Level
   a - Yara's Violent Unravelling     Hexes/Transmutation          5
   b - Alistair's Intoxication        Transmutation/Poison         5
   c - Freezing Cloud                 Conjuration/Ice/Air          6
 E - a book of Misfortune

   Spells                             Type                      Level
   a - Confusing Touch                Hexes                        1
   b - Confuse                        Hexes                        3
   c - Gell's Gravitas                Translocation                3
   d - Petrify                        Transmutation/Earth          4
   e - Metabolic Englaciation         Hexes/Ice                    5
   f - Yara's Violent Unravelling     Hexes/Transmutation          5
 I - a book of Changes

   Spells                             Type                      Level
   a - Beastly Appendage              Transmutation                1
   b - Sticks to Snakes               Transmutation                2
   c - Spider Form                    Transmutation/Poison         3
   d - Ice Form                       Ice/Transmutation            4
   e - Blade Hands                    Transmutation                5
Comestibles
 f - 13 bread rations
 i - 10 royal jellies
 F - 2 meat rations


   Skills:
 + Level 7.7 Fighting
 + Level 13.1 Axes
 + Level 9.2 Armour
 + Level 2.0 Dodging
 + Level 0.5 Stealth
 + Level 9.4 Shields


You had 9 spell levels left.
You didn't know any spells.

Dungeon Overview and Level Annotations

Branches:
Dungeon (10/15)            Temple (0/1) D:7
   Lair: D:8-11         Orc: D:9-12

Altars:
Ashenzari
Cheibriados
Dithmenos
Elyvilon
Fedhas
Hepliaklqana
Kikubaaqudgha
Makhleb
Ru
Trog
Vehumet
Xom
Zin
The Shining One

Shops:
D:6 ([%*


Innate Abilities, Weirdness & Mutations

You reflexively headbutt those who attack you in melee.
You have a pair of horns on your head.


Message History

* * * LOW HITPOINT WARNING * * *
You are lethally poisoned!
You feel as though you will be slow longer.
The wraith barely misses you. You furiously retaliate!
You headbutt the wraith, but do no damage.
You block the hornet's attack.
The crimson imp hits you but does no damage.
The wraith hits you.
* * * LOW HITPOINT WARNING * * *
It was a potion of cancellation.
Your magical effects are unravelling.
You feel magically purged.
You feel yourself speed up.
You float gracefully downwards.
You feel a little less clever now.
* * * LOW HITPOINT WARNING * * *
You feel sick. You block the hornet's attack.
The crimson imp hits you but does no damage.
The wraith hits you.
You die...

..# ## ## .# ..#...#.( ..#... #
######..#...#.. ..#... #......#
...... ......
####.#....##.....W#......
..##.#.....# .........
.....#....# ..... ###
<..#......########'## #.######
..##.#......#.(5@W.(## #.......
.....#!.<.#......y...######......
.#####.^..###(.....(.............
## ####.# ###############.)....
#.# #...... #.### #...... #...#
#....†. ###.# #....†. #.# #......


You could see a hornet, a wraith and a crimson imp.

Vanquished Creatures
  The ghost of poxvuibr the Thaumaturge, a journeyman DEWz of Vehumet (D:10)
  Maurice (D:8)
  2 hornets (D:10)
  A spriggan (D:8)
  5 yaks (D:9)
  A hippogriff (D:7)
  Sigmund (D:4)
  Edmund (D:3)
  2 orc warriors
  An eye of draining (D:10)
  2 phantoms
  A sky beast (D:9)
  3 ice beasts
  2 black bears
  The ghost of equalderp2856 the Covered, an amateur MiFi (D:3)
  3 ogres
  A centaur (D:10)
  A crocodile (D:10)
  A big kobold (D:10)
  6 bullfrogs
  4 wights (D:7)
  7 howler monkeys
  4 crimson imps
  3 bullfrog zombies
  2 hounds
  2 bullfrog skeletons
  4 orc priests
  6 orc wizards
  2 centaur skeletons
  2 iguanas
  3 worker ants
  A hound zombie (D:6)
  2 hound skeletons
  A mummy (D:7)
  A worker ant zombie (D:5)
  11 adders
  3 gnolls (D:5)
  A howler monkey skeleton (D:5)
  A shadow imp (D:10)
  A white imp (D:6)
  3 oozes
  4 worms
  7 leopard geckos
  27 orcs
  4 bats
  7 giant cockroaches
  13 goblins
  12 hobgoblins
  15 jackals
  10 kobolds
  6 quokkas
  A ball python (D:1)
  5 frilled lizards
  2 hobgoblin zombies (D:6)
  2 kobold skeletons (D:6)
  3 kobold zombies (D:6)
  An orc skeleton (D:6)
  A quokka skeleton (D:7)
  7 rats
228 creatures vanquished.

Notes
Turn   | Place    | Note
-------+----------+-------------------------------------------
     0 | D:1      | equalderp2856 the Minotaur Fighter began the quest for the Orb.
     0 | D:1      | Reached XP level 1. HP: 19/19 MP: 0/0
    70 | D:1      | Reached XP level 2. HP: 23/27 MP: 1/1
   269 | D:1      | Reached XP level 3. HP: 33/33 MP: 2/2
   585 | D:2      | Reached skill level 3 in Axes
   843 | D:2      | Found a bloodstained altar of Trog.
   859 | D:2      | Reached XP level 4. HP: 36/40 MP: 3/3
  1147 | D:2      | Found a burning altar of Makhleb.
  1153 | D:2      | Found a glowing silver altar of Zin.
  1153 | D:2      | Noticed an angel
  1156 | D:2      | Noticed a cacodemon
  1436 | D:3      | Noticed equalderp2856's ghost (amateur MiFi)
  1727 | D:3      | Killed equalderp2856's ghost
  1727 | D:3      | Reached skill level 4 in Axes
  1727 | D:3      | Reached skill level 5 in Shields
  1727 | D:3      | Reached XP level 5. HP: 26/47 MP: 4/4
  2253 | D:3      | Found a shattered altar of Ashenzari.
  2474 | D:4      | Noticed Sigmund
  2494 | D:4      | Noticed Edmund
  2733 | D:3      | Killed Edmund
  2733 | D:3      | Reached skill level 5 in Axes
  2733 | D:3      | Reached XP level 6. HP: 49/53 MP: 5/5
  2751 | D:4      | Reached skill level 5 in Armour
  2797 | D:4      | Killed Sigmund
  2797 | D:4      | Reached XP level 7. HP: 60/60 MP: 6/6
  2807 | D:4      | Reached skill level 6 in Axes
  2922 | D:4      | Reached skill level 5 in Fighting
  3219 | D:4      | Identified the Incunabulum of the Mutagenic Birds
  3387 | D:4      | Found a radiant altar of Vehumet.
  3655 | D:4      | Noticed a two-headed ogre
  3701 | D:5      | Entered Level 5 of the Dungeon
  3708 | D:5      | Reached skill level 7 in Axes
  3871 | D:5      | Reached XP level 8. HP: 57/68 MP: 7/7
  3883 | D:5      | Reached skill level 1 in Dodging
  3981 | D:5      | Found a sacrificial altar of Ru.
  4519 | D:6      | Found Udemp's Armour Emporium.
  4535 | D:6      | Bought a +1 pair of gloves for 126 gold pieces
  4703 | D:6      | Found Ceiv's General Store.
  4763 | D:6      | Got a twisted trident
  4768 | D:6      | Identified the +5 trident of Weel Kenko {pierce, rC+ rN+ Int+8 Dex-4} (You found it on level 6 of the Dungeon)
  4853 | D:6      | Found a faded altar of an unknown god.
  4853 | D:6      | Found a shadowy altar of Dithmenos.
  4858 | D:6      | Found a white marble altar of Elyvilon.
  4860 | D:6      | Found a faded altar of an unknown god.
  4861 | D:6      | Found a shimmering altar of Xom.
  4944 | D:6      | Found an ancient bone altar of Kikubaaqudgha.
  4956 | D:6      | Found a blossoming altar of Fedhas.
  5034 | D:6      | Identified the +9 mace "Vatenk" {crush, *Drain MR+ Str+3} (You found it on level 6 of the Dungeon)
  5057 | D:6      | Found Weip's Food Shoppe.
  5120 | D:6      | Found a glowing golden altar of the Shining One.
  5132 | D:6      | Found Byru's Antique Weapon Shop.
  5645 | D:7      | Reached skill level 8 in Axes
  5715 | D:7      | Noticed a hippogriff
  5719 | D:7      | Killed a hippogriff
  5756 | D:7      | Found a staircase to the Ecumenical Temple.
  5805 | D:7      | Reached skill level 9 in Axes
  5809 | D:7      | You fall through a shaft for 2 floors!
  6001 | D:7      | Found a snail-covered altar of Cheibriados.
  6110 | D:7      | Reached XP level 9. HP: 75/75 MP: 8/8
  6625 | D:8      | Reached skill level 10 in Axes
  6743 | D:8      | Noticed Maurice
  6756 | D:8      | Killed Maurice
  6875 | D:8      | Reached skill level 11 in Axes
  7686 | D:9      | Reached XP level 10. HP: 63/84 MP: 9/9
  7691 | D:9      | Reached skill level 12 in Axes
  8368 | D:9      | Found a hazy altar of Hepliaklqana.
  8432 | D:9      | Got a sparkling silver ring
  8538 | D:10     | Entered Level 10 of the Dungeon
  8544 | D:10     | Paralysed by a hornet for 2 turns
  8576 | D:10     | Noticed a two-headed ogre
  8578 | D:10     | Noticed a cyan ugly thing
  9158 | D:10     | Noticed poxvuibr's ghost (journeyman DEWz)
  9195 | D:10     | Killed poxvuibr's ghost
  9217 | D:10     | Paralysed by a hornet for 1 turns
  9420 | D:10     | Reached skill level 13 in Axes
  9587 | D:10     | Paralysed by a hornet for 2 turns
  9590 | D:10     | HP: 4/88 [hornet (3)]
  9595 | D:10     | HP: 2/88 [poisoned by a hornet]
  9595 | D:10     | Slain by a wraith

Skill      XL: |  1  2  3  4  5  6  7  8  9 10 |
---------------+-------------------------------+-----
Fighting       | 4 5 6 7 |  7.7
Armour         | 4 5 6 7 8 9 |  9.2
Shields        | 4 5 6 7 8 9 |  9.4
Axes           | 3 4 5 7 9 11 13 | 13.1
Dodging        | 1 2 |  2.0
Stealth        | |  0.5

Action                   |  1- 3 |  4- 6 |  7- 9 | 10-12 || total
-------------------------+-------+-------+-------+-------++-------
Melee: War axe           |    94 |   135 |   429 |    38 ||   696
       Headbutt          |    10 |    23 |   100 |    27 ||   160
       Broad axe         |       |       |       |    87 ||    87
  Use: Scroll            |       |       |    10 |     1 ||    11
       Potion            |       |       |       |     6 ||     6
  Eat: Chunk             |       |     4 |    12 |    13 ||    29
       Fruit             |       |     1 |       |       ||     1
       Royal jelly       |       |       |     3 |       ||     3
Armor: Scale mail        |    46 |       |       |       ||    46
       Plate armour      |       |    77 |   226 |    88 ||   391
Dodge: Dodged            |    36 |    27 |    88 |    34 ||   185
Block: Shield            |    54 |    82 |   223 |    87 ||   446
